 Dungeon Crawl Stone Soup version 0.23.2-33-g5129a83 (webtiles) character file.

Game seed: 15755379021518270844

351 Aphrodieselac the Charmwright (level 6, -4/44 HPs)
             Began as a Merfolk Skald on Aug 7, 2019.
             Killed from afar by an orc wizard (6 damage)
             ... with a magic dart
             ... on level 4 of the Dungeon.
             The game lasted 00:14:49 (4033 turns).

Aphrodieselac the Charmwright (Merfolk Skald)       Turns: 4033, Time: 00:14:52

Health: -4/44      AC:  8    Str: 12    XL:     6   Next: 61%
Magic:  0/9        EV: 11    Int: 14    God:
Gold:   175        SH:  3    Dex: 13    Spells: 4/9 levels left

rFire    + . .     SeeInvis .   a - +0 spear
rCold    . . .     Gourm    .   l - +0 buckler
rNeg     . . .     Faith    .   s - +1 leather armour {rF+}
rPois    .         Spirit   .   v - +2 helmet
rElec    .         Reflect  .   (no cloak)
rCorr    .         Harm     .   n - +0 pair of gloves
MR       .....                  (no boots)
Stlth    +.........             (no amulet)
HPRegen  0.14/turn              u - ring of flight
MPRegen  0.11/turn              (no ring)

@: shrouded, infused, slowed, very slow
A: change form in water, swift swim, stealthy swim
a: Evoke Flight


You were on level 4 of the Dungeon.
You were hungry.

You visited 1 branch of the dungeon, and saw 4 of its levels.

You collected 175 gold pieces.

Inventory:

Hand Weapons
 a - a +0 spear (weapon)
 p - a +0 hunting sling
Missiles
 f - 10 sling bullets
Armour
 l - a +0 buckler (worn)
 n - a +0 pair of gloves (worn)
 s - a +1 leather armour of fire resistance (worn)
 v - a +2 helmet (worn)
 w - a scarf of spirit shield
Jewellery
 i - an uncursed ring of ice
 q - an uncursed ring of ice
 u - a ring of flight (left hand)
Wands
 r - a wand of digging (3)
Scrolls
 b - a scroll of enchant armour {unknown}
 c - 3 scrolls of identify
 e - 4 scrolls of teleportation {unknown}
 k - 2 scrolls of remove curse {unknown}
 t - a scroll of amnesia {unknown}
 y - a scroll of enchant weapon {unknown}
 z - a scroll of random uselessness {unknown}
Potions
 g - a potion of heal wounds
 h - a potion of agility {unknown}
 j - a potion of curing {unknown}
 m - a potion of degeneration {unknown}
Comestibles
 d - 6 rations


   Skills:
 - Level 2.1 Fighting
 + Level 6.0 Polearms
 - Level 0.6 Armour
 - Level 2.6 Dodging
 - Level 2.0 Spellcasting
 * Level 6.8 Charms


You had 4 spell levels left.
You knew the following spells:

 Your Spells              Type           Power        Failure   Level  Hunger
a - Infusion              Chrm           ###.         3%          1    ##.....
b - Song of Slaying       Chrm           ###.....     4%          2    ###....
c - Shroud of Golubria    Chrm/Tloc      ##........   21%         2    ###....

Your spell library contained the following spells:

 Spells                   Type           Power        Failure   Level  Hunger
 Regeneration             Chrm/Necr      ##........   36%         3    ####...
 Spectral Weapon          Hex/Chrm       ##......     36%         3    ####...


Dungeon Overview and Level Annotations

Branches:
Dungeon (4/15)
 Temple: D:4-7

Altars:
Makhleb

Annotations:
D:2 1 runed translucent door, Crazy Yiuf
D:4 Blork the orc


Message History

Space distorts slightly along a thin shroud covering your body.
The orc wizard is no longer moving quickly.
You block the orc wizard's attack.
Your shroud bends something's attack away.
The orc wizard gestures at you while chanting.
The magic dart hits something!
Reactivating autopickup.
The orc wizard hits you but does no damage.
The orc wizard points at you and mumbles some strange words.
The magic dart hits you.
* * * LOW HITPOINT WARNING * * *
You block the orc wizard's attack.
As you read the scroll labeled SOKKOU DAAL, it crumbles to dust.
The creatures around you are filled with an inner flame!
It was a scroll of immolation.
The orc wizard mumbles some strange words.
The orc wizard blinks!
The orc wizard points at you and mumbles some strange words.
The magic dart hits you.
You die...

#############
#####.....{)@o..##
#oo.#)########..o##
#.###..# #........#
#. ##†# #.###....#
.: #.####.# ##.#.#
o. #.. g..# #.#.# o
...##..# #.#.#
#..##..#
#)#.###########
#..##..#
#.#>...........


You could see 2 orc wizards.

Vanquished Creatures
  Ijyb (D:3)
  2 orc priests
  Jessica (D:2)
  2 worker ants (D:3)
  Robin (D:3)
  4 gnolls
  4 adders
  An ooze (D:2)
  3 worms
  A dart slug (D:1)
  2 leopard geckos
  6 orcs
  3 giant cockroaches (D:2)
  10 hobgoblins
  4 jackals (D:4)
  3 ball pythons
  8 bats
  4 frilled lizards
  16 goblins
  12 kobolds
  3 rats
91 creatures vanquished.

Vanquished Creatures (others)
  An orc wizard (D:4)
1 creature vanquished.

Grand Total: 92 creatures vanquished

Notes
Turn   | Place    | Note
-------+----------+-------------------------------------------
     0 | D:1      | Aphrodieselac the Merfolk Skald began the quest for the
                  | Orb.
     0 | D:1      | Reached XP level 1. HP: 16/16 MP: 3/3
    92 | D:1      | Reached XP level 2. HP: 11/22 MP: 5/5
   349 | D:1      | Learned a level 2 spell: Song of Slaying
   930 | D:1      | Reached XP level 3. HP: 21/27 MP: 1/6
  1099 | D:1      | Learned a level 2 spell: Shroud of Golubria
  1554 | D:2      | Reached XP level 4. HP: 32/33 MP: 1/7
  1660 | D:2      | Reached skill level 5 in Charms
  1796 | D:2      | Noticed Jessica
  1804 | D:2      | Killed Jessica
  1804 | D:2      | Reached XP level 5. HP: 35/38 MP: 3/8
  1928 | D:2      | Found a burning altar of Makhleb.
  1928 | D:2      | Noticed an Executioner
  1931 | D:2      | Noticed a ynoxinul
  1931 | D:2      | Noticed an orange demon
  1997 | D:2      | Found a runed translucent door.
  1998 | D:2      | Noticed Crazy Yiuf
  2170 | D:3      | Noticed Ijyb
  2194 | D:3      | Killed Ijyb
  2194 | D:3      | Reached skill level 5 in Polearms
  2582 | D:3      | Noticed Robin
  2597 | D:3      | Killed Robin
  3069 | D:3      | Reached XP level 6. HP: 20/44 MP: 5/9
  4010 | D:4      | Noticed Blork the orc
  4032 | D:4      | HP: 2/44 [orc wizard/magic dart (4)]
  4033 | D:4      | Killed from afar by an orc wizard

Skill      XL: |  1  2  3  4  5  6 |
---------------+-------------------+-----
Charms         | 4 5 6 |  6.8
Polearms       | 4 5 6 |  6.0
Fighting       | |  2.1
Armour         | |  0.6
Dodging        | |  2.6
Spellcasting   | |  2.0

Action                   |  1- 3 |  4- 6 || total
-------------------------+-------+-------++-------
Melee: Spear             |   123 |   257 ||   380
 Cast: Infusion          |     9 |    11 ||    20
       Shroud of Golubri |       |     5 ||     5
       Song of Slaying   |       |     4 ||     4
  Use: Scroll            |       |     2 ||     2
  Eat: Chunk             |     2 |     9 ||    11
Armor: Leather armour    |    13 |    61 ||    74
Dodge: Dodged            |    57 |    67 ||   124
Block: Buckler           |       |    28 ||    28
